TOP OF THE 1ST |
Kingston Township Legion batting - Pitching for Seattle Aviators : RHP Ron Stone
|
Pitching: RHP Ron Stone
|
|
Batting: RHB Ron Bernard
|
0-0: Ball 1-0: Ball 2-0: Called Strike 2-1: Called Strike 2-2: Strikes out swinging
|
Batting: RHB Dani Trejo
|
0-0: Ball 1-0: Ball 2-0: Foul Ball, location: 2F 2-1: Foul Ball, location: 2F 2-2: Ball 3-2: Base on Balls
|
Batting: RHB EP Weston
|
0-0: Grounds into double play, 6-4-3 (Groundball, 6)
|
Top of the 1st over - 0 runs, 0 hits, 0 errors, 0 left on base; Kingston Township 0 - Seattle 0 |
BOTTOM OF THE 1ST |
Seattle Aviators batting - Pitching for Kingston Township Legion : RHP Mick Alston
|
Pitching: RHP Mick Alston
|
|
Batting: RHB Alfredo Méndez
|
0-0: Ball 1-0: Foul Ball, location: 2F 1-1: Ball 2-1: Foul Ball, location: 2F 2-2: Ball 3-2: Foul Ball, location: 2F 3-2: Base on Balls
|
Batting: LHB Pedro Corona
|
0-0: Swinging Strike 0-1: Ball 1-1: Called Strike 1-2: Ball Alfredo Méndez steals 2nd base 2-2: Ball 3-2: Base on Balls
|
Batting: LHB Kenny Webster
|
0-0: Ball Alfredo Méndez steals 3rd base Pedro Corona to second 1-0: Foul Ball, location: 2F 1-1: Ball 2-1: Ball 3-1: Called Strike 3-2: Strikes out swinging
|
Batting: LHB Jorge Mojica
|
0-0: Called Strike 0-1: Ball 1-1: Ground out U3 (Groundball, 3)
|
Batting: RHB John Downing
|
0-0: Ball 1-0: Ball Wild Pitch! Alfredo Méndez scores Pedro Corona to third 2-0: Ball 3-0: Base on Balls
|
Batting: RHB Albert Zamudio
|
0-0: Ball 1-0: Ball 2-0: Swinging Strike 2-1: Foul Ball, location: 2F 2-2: Foul Ball, location: 2F 2-2: Fly out, F9 (Flyball, 9D)
|
Bottom of the 1st over - 1 run, 0 hits, 0 errors, 2 left on base; Kingston Township 0 - Seattle 1 |
TOP OF THE 2ND |
Kingston Township Legion batting - Pitching for Seattle Aviators : RHP Ron Stone
|
Batting: RHB Clarence Neal
|
0-0: Called Strike 0-1: Ball 1-1: Ground out 6-3 (Groundball, 6)
|
Batting: RHB Jim Scott
|
0-0: Called Strike 0-1: Ground out 1-3 (Groundball, 13)
|
Batting: RHB Alfredo Cardenas
|
0-0: Fly out, F7 (Flyball, 7)
|
Top of the 2nd over - 0 runs, 0 hits, 0 errors, 0 left on base; Kingston Township 0 - Seattle 1 |
BOTTOM OF THE 2ND |
Seattle Aviators batting - Pitching for Kingston Township Legion : RHP Mick Alston
|
Batting: RHB Seon-keun Kim
|
0-0: Swinging Strike 0-1: Ball 1-1: Ground out 6-3 (Groundball, 6)
|
Batting: SHB Nuygen Vuong
|
0-0: Called Strike 0-1: Foul Ball, location: 2F 0-2: Ball 1-2: Fly out, F9 (Flyball, 9LS)
|
Batting: RHB Logan Namajunas
|
0-0: Ball 1-0: Ball 2-0: Foul Ball, location: 2F 2-1: SINGLE (Line Drive, 34D)
|
Batting: RHB Alfredo Méndez
|
0-0: Ball 1-0: Swinging Strike 1-1: Ball Logan Namajunas steals 2nd base 2-1: Called Strike 2-2: Ball 3-2: Foul Ball, location: 2F 3-2: Strikes out swinging, 2-3 out at first.
|
Bottom of the 2nd over - 0 runs, 1 hit, 0 errors, 1 left on base; Kingston Township 0 - Seattle 1 |
TOP OF THE 3RD |
Kingston Township Legion batting - Pitching for Seattle Aviators : RHP Ron Stone
|
Batting: RHB José Icaza
|
0-0: Foul Ball, location: 2F 0-1: Ball 1-1: Foul Ball, location: 2F 1-2: Fly out, F7 (Flyball, 7LD)
|
Batting: LHB António González
|
0-0: Called Strike 0-1: Ball 1-1: Foul Ball, location: 2F 1-2: Foul Ball, location: 2F 1-2: Ball 2-2: Foul Ball, location: 2F 2-2: Foul Ball, location: 2F 2-2: Ball 3-2: Base on Balls
|
Batting: RHB Júlio Rodríguez
|
0-0: Ball 1-0: Swinging Strike 1-1: Fly out, F9 (Flyball, 9S)
|
Batting: RHB Ron Bernard
|
0-0: Called Strike 0-1: Called Strike 0-2: Ball 1-2: Ground out 5-3 (Groundball, 56S)
|
Top of the 3rd over - 0 runs, 0 hits, 0 errors, 1 left on base; Kingston Township 0 - Seattle 1 |
BOTTOM OF THE 3RD |
Seattle Aviators batting - Pitching for Kingston Township Legion : RHP Mick Alston
|
Batting: LHB Pedro Corona
|
0-0: Called Strike 0-1: Foul Ball, location: 2F 0-2: Foul Ball, location: 2F 0-2: Ball 1-2: Ball 2-2: Foul Ball, location: 2F 2-2: Ball 3-2: SINGLE (Groundball, 56D)
|
Batting: LHB Kenny Webster
|
0-0: Called Strike 0-1: Ball 1-1: Swinging Strike 1-2: Ball 2-2: Fly out, F5 (Popup, 5SF)
|
Batting: LHB Jorge Mojica
|
0-0: Called Strike 0-1: Swinging Strike 0-2: Strikes out swinging
|
Batting: RHB John Downing
|
0-0: Called Strike Throwing error on steal attempt, E2 Pedro Corona to third 0-1: Ball 1-1: Ball 2-1: Foul Ball, location: 2F 2-2: Strikes out looking
|
Bottom of the 3rd over - 0 runs, 1 hit, 1 error, 1 left on base; Kingston Township 0 - Seattle 1 |
TOP OF THE 4TH |
Kingston Township Legion batting - Pitching for Seattle Aviators : RHP Ron Stone
|
Batting: RHB Dani Trejo
|
0-0: Swinging Strike 0-1: Foul Ball, location: 2F 0-2: Ball 1-2: Foul Ball, location: 2F 1-2: Strikes out swinging
|
Batting: RHB EP Weston
|
0-0: Fly out, F9 (Flyball, 9)
|
Batting: RHB Clarence Neal
|
0-0: Ball 1-0: Ball 2-0: Ball 3-0: Called Strike 3-1: SINGLE (Flyball, 7LM)
|
Batting: RHB Jim Scott
|
0-0: Ball 1-0: Ball 2-0: Reached on error, E5 (Groundball, 5L) Clarence Neal to second
|
Batting: RHB Alfredo Cardenas
|
0-0: Ball 1-0: Called Strike 1-1: Foul Ball, location: 2F 1-2: Fly out, F7 (Flyball, 7S)
|
Top of the 4th over - 0 runs, 1 hit, 1 error, 2 left on base; Kingston Township 0 - Seattle 1 |
BOTTOM OF THE 4TH |
Seattle Aviators batting - Pitching for Kingston Township Legion : RHP Mick Alston
|
Batting: RHB Albert Zamudio
|
0-0: Ball 1-0: Called Strike 1-1: Ball 2-1: Fly out, F3 (Line Drive, 3)
|
Batting: RHB Seon-keun Kim
|
0-0: Fly out, F8 (Flyball, 8RS)
|
Batting: SHB Nuygen Vuong
|
0-0: Ball 1-0: Swinging Strike 1-1: Called Strike 1-2: Ground out U3 (Groundball, 3)
|
Bottom of the 4th over - 0 runs, 0 hits, 0 errors, 0 left on base; Kingston Township 0 - Seattle 1 |
TOP OF THE 5TH |
Kingston Township Legion batting - Pitching for Seattle Aviators : RHP Ron Stone
|
Batting: RHB José Icaza
|
0-0: Fly out, F8 (Flyball, 8LD)
|
Batting: LHB António González
|
0-0: Called Strike 0-1: Foul Ball, location: 2F 0-2: Ball 1-2: Ball 2-2: SINGLE (Groundball, 34D)
|
Batting: RHB Júlio Rodríguez
|
0-0: Ball 1-0: SINGLE (Groundball, 4MD) António González to second Runner from 2nd tries for 3rd, OUT!
|
Batting: RHB Ron Bernard
|
0-0: Foul Ball, location: 2F 0-1: Ball 1-1: Called Strike 1-2: SINGLE (Groundball, 56D) Júlio Rodríguez to second
|
Batting: RHB Dani Trejo
|
0-0: Called Strike 0-1: Ball 1-1: Ball 2-1: Ball 3-1: SINGLE (Groundball, 6MD) Júlio Rodríguez to third Ron Bernard to second Runner from 3rd tries for Home, SAFE, throw made home
|
Batting: RHB EP Weston
|
0-0: Called Strike 0-1: Foul Ball, location: 2F 0-2: Strikes out swinging
|
Top of the 5th over - 1 run, 4 hits, 0 errors, 2 left on base; Kingston Township 1 - Seattle 1 |
BOTTOM OF THE 5TH |
Seattle Aviators batting - Pitching for Kingston Township Legion : RHP Mick Alston
|
Batting: RHB Logan Namajunas
|
0-0: Ball 1-0: Swinging Strike 1-1: Ball 2-1: Foul Ball, location: 2F 2-2: Ball 3-2: Fly out, F9 (Flyball, 9S)
|
Batting: RHB Alfredo Méndez
|
0-0: SINGLE (Line Drive, 56)
|
Batting: LHB Pedro Corona
|
0-0: Called Strike 0-1: Grounds into double play, 4-6-3 (Groundball, 4)
|
Bottom of the 5th over - 0 runs, 1 hit, 0 errors, 0 left on base; Kingston Township 1 - Seattle 1 |
TOP OF THE 6TH |
Kingston Township Legion batting - Pitching for Seattle Aviators : RHP Ron Stone
|
Batting: RHB Clarence Neal
|
0-0: Ball 1-0: Reached on error, E4 (Groundball, 4)
|
Batting: RHB Jim Scott
|
0-0: Grounds into double play, 5-4-3 (Groundball, 5L)
|
Batting: RHB Alfredo Cardenas
|
0-0: Swinging Strike 0-1: Called Strike 0-2: Foul Ball, location: 2F 0-2: Fly out, F9 (Flyball, 89M)
|
Top of the 6th over - 0 runs, 0 hits, 1 error, 0 left on base; Kingston Township 1 - Seattle 1 |
BOTTOM OF THE 6TH |
Seattle Aviators batting - Pitching for Kingston Township Legion : RHP Mick Alston
|
Batting: LHB Kenny Webster
|
0-0: Ball 1-0: Foul Ball, location: 2F 1-1: Foul Ball, location: 2F 1-2: Ball 2-2: Fly out, F5 (Popup, 25)
|
Batting: LHB Jorge Mojica
|
0-0: Ball 1-0: Foul Ball, location: 2F 1-1: Foul Ball, location: 2F 1-2: Ground out 3-1 (Groundball, 34)
|
Batting: RHB John Downing
|
0-0: SINGLE (Flyball, 7LS)
|
Batting: RHB Albert Zamudio
|
0-0: Ball 1-0: Fielders Choice at 2nd, 5-4 (Groundball, 5)
|
Bottom of the 6th over - 0 runs, 1 hit, 0 errors, 1 left on base; Kingston Township 1 - Seattle 1 |
TOP OF THE 7TH |
Kingston Township Legion batting - Pitching for Seattle Aviators : RHP Ron Stone
|
Batting: RHB José Icaza
|
0-0: Foul Ball, location: 2F 0-1: Ball 1-1: Ball 2-1: Ball 3-1: Base on Balls
|
Batting: LHB António González
|
0-0: Bunted foul 0-1: Ball 1-1: Sac Bunt - play at second, runner OUT! 1-6
|
Pinch Hitting: LHB Mike Gardner
|
0-0: Ball 1-0: Called Strike 1-1: Ball 2-1: Ball 3-1: Swinging Strike 3-2: Fly out, F9 (Flyball, 9)
|
Pitching: RHP Zach Rediker
|
|
Batting: RHB Ron Bernard
|
0-0: Ball 1-0: Called Strike 1-1: Ball 2-1: 2-RUN HOME RUN (Flyball, 7LD), Distance : 320 ft
|
Batting: RHB Dani Trejo
|
0-0: Foul Ball, location: 2F 0-1: Ball 1-1: Called Strike 1-2: Ball 2-2: Ball 3-2: Strikes out looking
|
Top of the 7th over - 2 runs, 1 hit, 0 errors, 0 left on base; Kingston Township 3 - Seattle 1 |
BOTTOM OF THE 7TH |
Seattle Aviators batting - Pitching for Kingston Township Legion : RHP Mick Alston
|
Now at 2B: Elia Amberezzio
|
|
Batting: RHB Seon-keun Kim
|
0-0: Ball 1-0: Ball 2-0: Fly out, F8 (Flyball, 8LS)
|
Batting: SHB Nuygen Vuong
|
0-0: Ground out 1-3 (Groundball, 13)
|
Batting: RHB Logan Namajunas
|
0-0: Ball 1-0: Foul Ball, location: 2F 1-1: Fly out, F7 (Flyball, 7S)
|
Bottom of the 7th over - 0 runs, 0 hits, 0 errors, 0 left on base; Kingston Township 3 - Seattle 1 |
TOP OF THE 8TH |
Kingston Township Legion batting - Pitching for Seattle Aviators : RHP Zach Rediker
|
Batting: RHB EP Weston
|
0-0: Ball 1-0: Ball 2-0: Called Strike 2-1: Ball 3-1: Foul Ball, location: 2F 3-2: Foul Ball, location: 2F 3-2: Base on Balls
|
Batting: RHB Clarence Neal
|
0-0: Fly out, F9 (Flyball, 89M)
|
Batting: RHB Jim Scott
|
0-0: Called Strike 0-1: Ball 1-1: Fly out, F7 (Flyball, 7LD)
|
Batting: RHB Alfredo Cardenas
|
0-0: Called Strike 0-1: Ball 1-1: Fielders Choice at 2nd, 6-4 (Groundball, 6)
|
Top of the 8th over - 0 runs, 0 hits, 0 errors, 1 left on base; Kingston Township 3 - Seattle 1 |
BOTTOM OF THE 8TH |
Seattle Aviators batting - Pitching for Kingston Township Legion : RHP Mick Alston
|
Batting: RHB Alfredo Méndez
|
0-0: Foul Ball, location: 2F 0-1: Ground out 5-3 (Groundball, 56)
|
Batting: LHB Pedro Corona
|
0-0: Called Strike 0-1: Ball 1-1: Foul Ball, location: 2F 1-2: Ball 2-2: Ball 3-2: Ground out 3-1 (Groundball, 34)
|
Batting: LHB Kenny Webster
|
0-0: Swinging Strike 0-1: Foul Ball, location: 2F 0-2: Hit by Pitch
|
Batting: LHB Jorge Mojica
|
0-0: Ball 1-0: Ball 2-0: Ball 3-0: Called Strike 3-1: Swinging Strike 3-2: SINGLE (Line Drive, 6) Kenny Webster to second Kenny Webster to third
|
Pitching: RHP Kazu Omori
|
|
Batting: RHB John Downing
|
0-0: Ball 1-0: Foul Ball, location: 2F 1-1: Foul Ball, location: 2F 1-2: Ball Wild Pitch! Kenny Webster scores Jorge Mojica to second 2-2: Strikes out looking
|
Bottom of the 8th over - 1 run, 1 hit, 0 errors, 1 left on base; Kingston Township 3 - Seattle 2 |
TOP OF THE 9TH |
Kingston Township Legion batting - Pitching for Seattle Aviators : RHP Zach Rediker
|
Pitching: LHP Holden Rosen Grupp
|
|
Batting: RHB José Icaza
|
0-0: Foul Ball, location: 2F 0-1: Foul Ball, location: 2F 0-2: Ball 1-2: Ball 2-2: Fly out, F8 (Flyball, 8LS)
|
Batting: LHB António González
|
0-0: Called Strike 0-1: Called Strike 0-2: Ball 1-2: Foul Ball, location: 2F 1-2: Foul Ball, location: 2F 1-2: Strikes out swinging
|
Batting: RHB Elia Amberezzio
|
0-0: Ball 1-0: Ball 2-0: Ball 3-0: Foul Ball, location: 2F 3-1: Foul Ball, location: 2F 3-2: Foul Ball, location: 2F 3-2: Strikes out swinging
|
Top of the 9th over - 0 runs, 0 hits, 0 errors, 0 left on base; Kingston Township 3 - Seattle 2 |
BOTTOM OF THE 9TH |
Seattle Aviators batting - Pitching for Kingston Township Legion : RHP Kazu Omori
|
Pitching: RHP John Riggleman
|
|
Batting: RHB Albert Zamudio
|
0-0: Called Strike 0-1: Called Strike 0-2: Ball 1-2: Foul Ball, location: 2F 1-2: Foul Ball, location: 2F 1-2: Ball 2-2: Strikes out swinging
|
Pinch Hitting: LHB Yoichibei Sato
|
0-0: Called Strike 0-1: Ball 1-1: Ball 2-1: SINGLE (Groundball, 4MD)
|
Batting: SHB Nuygen Vuong
|
0-0: Ball 1-0: Called Strike 1-1: Ball 2-1: Ground out U3 (Groundball, 3S) Yoichibei Sato to second
|
Batting: RHB Logan Namajunas
|
0-0: Called Strike 0-1: Called Strike 0-2: Ball 1-2: Strikes out swinging
|
Bottom of the 9th over - 0 runs, 1 hit, 0 errors, 1 left on base; Kingston Township 3 - Seattle 2 |
|